[ AOE2 MATCH · #505881344 ]
UnrankedVietnamese vs Celts
Player's team · WIN
Rival team · LOSS
[ REPLAY ANALYSIS · EXTRACTED FROM THE RECORDED GAME ]
Feudal
10:31
Castle
27:15
Imperial
—
| APM avg | 66.9 |
| APM peak | 105 |
| eAPM avg | 39.0 |
| Villagers / military | 91 / 43 |
Focus
⚔️ 56.4% · 🌾 43.6%
Scout Cavalry ×18 · Skirmisher ×17 · Militia ×4 · Battering Ram ×3 · Spearman ×1
Feudal
9:40
Castle
24:34
Imperial
—
| APM avg | 49.3 |
| APM peak | 88 |
| eAPM avg | 25.7 |
| Villagers / military | 67 / 34 |
Focus
⚔️ 21.2% · 🌾 78.8%
Archer ×10 · Militia ×9 · Mangonel ×5 · Scorpion ×3 · Spearman ×3 · Monk ×2
Match map
Initial resources + every placement click. Lines = walls · curves = elevation contours. ◆ gold · ⬟ stone · ● berries · ✦ relic · ◌ wall gap
Your base· Open — 2t gap
Riut's base· Open — 8t gap
Smoothed initial terrain · ◌ = detected wall gap · hover for details
Inputs per minute
— Sharky aoe - - Riut
Build order — Sharky aoe
First 150 of 271 actions detected
| 0:01 | Queue | Villager (Male) |
| 0:01 | Queue | Villager (Male) |
| 0:01 | Queue | Villager (Male) |
| 0:02 | Build | House |
| 0:04 | Build | House |
| 0:06 | Queue | Villager (Male) |
| 0:06 | Queue | Villager (Male) |
| 0:40 | Research | Loom |
| 0:41 | Queue | Villager (Male) |
| 0:41 | Queue | Villager (Male) |
| 0:41 | Queue | Villager (Male) |
| 1:33 | Queue | Villager (Male) |
| 1:33 | Queue | Villager (Male) |
| 2:03 | Queue | Villager (Male) |
| 2:43 | Queue | Villager (Male) |
| 3:00 | Queue | Villager (Male) |
| 3:09 | Build | Lumber Camp |
| 3:26 | Build | House |
| 3:27 | Build | Palisade Wall |
| 3:28 | Build | Palisade Wall |
| 3:29 | Build | Palisade Wall |
| 3:32 | Build | Palisade Wall |
| 3:32 | Build | Palisade Wall |
| 3:33 | Build | Palisade Wall |
| 3:33 | Build | Palisade Wall |
| 3:35 | Queue | Villager (Male) |
| 3:36 | Queue | Villager (Male) |
| 3:36 | Queue | Villager (Male) |
| 4:18 | Build | Palisade Wall |
| 4:23 | Queue | Villager (Male) |
| 4:24 | Queue | Villager (Male) |
| 5:01 | Queue | Villager (Male) |
| 5:21 | Queue | Villager (Male) |
| 5:25 | Build | Palisade Wall |
| 5:35 | Build | Palisade Wall |
| 5:37 | Build | Palisade Wall |
| 5:37 | Build | Palisade Wall |
| 5:38 | Build | Palisade Wall |
| 5:38 | Build | Palisade Wall |
| 5:38 | Build | Palisade Wall |
| 5:46 | Queue | Villager (Male) |
| 6:01 | Queue | Villager (Male) |
| 6:02 | Queue | Villager (Male) |
| 6:19 | Queue | Villager (Male) |
| 6:25 | Build | House |
| 6:37 | Build | House |
| 6:42 | Queue | Villager (Male) |
| 6:58 | Build | Palisade Wall |
| 6:59 | Build | Palisade Wall |
| 6:59 | Build | Palisade Wall |
| 6:59 | Build | Palisade Wall |
| 7:00 | Build | Palisade Wall |
| 7:16 | Queue | Villager (Male) |
| 7:24 | Queue | Villager (Male) |
| 7:29 | Build | Mill |
| 8:00 | Queue | Villager (Male) |
| 8:17 | Research | Feudal Age |
| 8:21 | Build | Barracks |
| 9:12 | Build | Mining Camp |
| 9:15 | Build | Mining Camp |
| 9:31 | Queue | Villager (Male) |
| 9:40 | Queue | Militia |
| 9:40 | Queue | Militia |
| 9:56 | Build | Palisade Wall |
| 9:58 | Build | Palisade Wall |
| 10:01 | Build | Palisade Wall |
| 10:02 | Build | Palisade Wall |
| 10:05 | Build | Palisade Wall |
| 10:07 | Build | Palisade Wall |
| 10:08 | Build | Palisade Wall |
| 10:10 | Build | Palisade Wall |
| 10:11 | Build | Palisade Wall |
| 10:11 | Queue | Villager (Male) |
| 10:13 | Build | Palisade Wall |
| 10:17 | Queue | Militia |
| 10:18 | Build | Palisade Wall |
| 10:20 | Build | Palisade Wall |
| 10:24 | Build | Palisade Wall |
| 10:26 | Build | Palisade Wall |
| 10:29 | Queue | Villager (Male) |
| 10:31 | Age | Feudal Age |
| 10:32 | Build | House |
| 10:43 | Build | Watch Tower |
| 10:51 | Queue | Militia |
| 10:53 | Build | Palisade Wall |
| 10:54 | Build | Palisade Wall |
| 10:58 | Queue | Villager (Male) |
| 11:04 | Queue | Villager (Male) |
| 11:11 | Queue | Villager (Male) |
| 11:21 | Queue | Villager (Male) |
| 11:27 | Build | House |
| 11:49 | Build | Mill |
| 12:03 | Build | Archery Range |
| 12:17 | Queue | Villager (Male) |
| 12:25 | Queue | Villager (Male) |
| 12:28 | Build | Farm |
| 12:32 | Queue | Spearman |
| 12:44 | Research | Double-Bit Axe |
| 12:44 | Queue | Villager (Male) |
| 12:50 | Queue | Skirmisher |
| 12:56 | Build | Palisade Wall |
| 12:59 | Queue | Villager (Male) |
| 13:04 | Queue | Villager (Male) |
| 13:07 | Queue | Skirmisher |
| 13:21 | Queue | Villager (Male) |
| 13:41 | Build | Palisade Wall |
| 13:45 | Queue | Villager (Male) |
| 13:58 | Queue | Villager (Male) |
| 13:59 | Queue | Skirmisher |
| 13:59 | Queue | Skirmisher |
| 14:03 | Queue | Skirmisher |
| 14:08 | Queue | Villager (Male) |
| 14:28 | Queue | Skirmisher |
| 14:30 | Queue | Villager (Male) |
| 14:35 | Build | Farm |
| 14:38 | Build | Farm |
| 14:42 | Research | Horse Collar |
| 14:46 | Queue | Skirmisher |
| 14:54 | Build | Farm |
| 15:15 | Build | House |
| 15:20 | Queue | Villager (Male) |
| 15:22 | Build | Farm |
| 15:24 | Build | Farm |
| 15:45 | Queue | Villager (Male) |
| 15:49 | Queue | Skirmisher |
| 16:02 | Queue | Skirmisher |
| 16:03 | Build | Farm |
| 16:11 | Queue | Villager (Male) |
| 16:23 | Build | Farm |
| 16:24 | Build | Farm |
| 16:34 | Build | Palisade Wall |
| 16:35 | Build | Palisade Wall |
| 16:35 | Build | Palisade Wall |
| 16:36 | Build | Palisade Wall |
| 16:36 | Build | Palisade Wall |
| 16:36 | Build | Palisade Wall |
| 16:36 | Build | Palisade Wall |
| 16:36 | Build | Palisade Wall |
| 16:36 | Build | Palisade Wall |
| 16:37 | Build | Palisade Wall |
| 16:37 | Build | Palisade Wall |
| 16:37 | Build | Palisade Wall |
| 16:37 | Build | Palisade Wall |
| 16:37 | Build | Palisade Wall |
| 16:38 | Build | Palisade Wall |
| 16:38 | Build | Palisade Wall |
| 16:38 | Build | Palisade Wall |
| 16:38 | Build | Palisade Wall |
| 16:38 | Build | Palisade Wall |
| 16:39 | Build | Palisade Wall |
Build order — Riut
First 150 of 164 actions detected
| 0:00 | Queue | Villager (Male) |
| 0:00 | Queue | Villager (Male) |
| 0:01 | Queue | Villager (Male) |
| 0:01 | Queue | Villager (Male) |
| 0:03 | Build | House |
| 0:04 | Build | House |
| 1:29 | Queue | Villager (Male) |
| 1:29 | Queue | Villager (Male) |
| 1:53 | Queue | Villager (Male) |
| 1:55 | Build | Lumber Camp |
| 2:23 | Queue | Villager (Male) |
| 2:46 | Queue | Villager (Male) |
| 2:47 | Queue | Villager (Male) |
| 3:11 | Queue | Villager (Male) |
| 3:11 | Queue | Villager (Male) |
| 3:11 | Queue | Villager (Male) |
| 3:14 | Build | House |
| 3:30 | Queue | Villager (Male) |
| 3:30 | Queue | Villager (Male) |
| 3:30 | Queue | Villager (Male) |
| 3:47 | Queue | Villager (Male) |
| 3:47 | Queue | Villager (Male) |
| 3:47 | Queue | Villager (Male) |
| 4:09 | Queue | Villager (Male) |
| 4:09 | Queue | Villager (Male) |
| 4:15 | Build | Mill |
| 4:37 | Queue | Villager (Male) |
| 4:37 | Queue | Villager (Male) |
| 4:37 | Queue | Villager (Male) |
| 4:57 | Queue | Villager (Male) |
| 4:57 | Queue | Villager (Male) |
| 5:16 | Queue | Villager (Male) |
| 5:16 | Queue | Villager (Male) |
| 5:17 | Queue | Villager (Male) |
| 5:24 | Queue | Villager (Male) |
| 5:24 | Queue | Villager (Male) |
| 5:24 | Queue | Villager (Male) |
| 5:27 | Research | Loom |
| 5:46 | Build | Barracks |
| 6:10 | Build | House |
| 7:24 | Research | Feudal Age |
| 7:33 | Build | Mining Camp |
| 7:35 | Queue | Militia |
| 7:35 | Queue | Militia |
| 7:35 | Queue | Militia |
| 7:56 | Queue | Militia |
| 7:56 | Queue | Militia |
| 7:56 | Queue | Militia |
| 8:39 | Build | House |
| 8:58 | Queue | Militia |
| 8:59 | Queue | Villager (Male) |
| 9:40 | Age | Feudal Age |
| 9:45 | Research | Man-at-Arms (upgrade) |
| 9:49 | Build | Archery Range |
| 9:55 | Queue | Militia |
| 10:05 | Build | Watch Tower |
| 10:16 | Queue | Skirmisher |
| 10:17 | Queue | Villager (Male) |
| 10:25 | Queue | Villager (Male) |
| 10:38 | Research | Town Watch |
| 10:52 | Queue | Militia |
| 11:17 | Queue | Villager (Male) |
| 11:30 | Queue | Skirmisher |
| 11:34 | Build | House |
| 11:51 | Queue | Villager (Male) |
| 11:51 | Queue | Villager (Male) |
| 11:52 | Queue | Archer |
| 12:23 | Build | Mining Camp |
| 12:52 | Queue | Villager (Male) |
| 12:52 | Queue | Villager (Male) |
| 13:06 | Build | House |
| 13:09 | Queue | Archer |
| 13:47 | Queue | Archer |
| 13:53 | Build | Mill |
| 14:06 | Queue | Archer |
| 14:10 | Build | Mill |
| 14:43 | Queue | Archer |
| 15:18 | Build | Watch Tower |
| 15:24 | Queue | Archer |
| 15:39 | Build | Palisade Wall |
| 15:42 | Build | Palisade Wall |
| 15:44 | Build | Palisade Wall |
| 15:53 | Queue | Archer |
| 15:54 | Queue | Villager (Male) |
| 16:24 | Queue | Archer |
| 16:41 | Build | Watch Tower |
| 16:50 | Build | Watch Tower |
| 16:54 | Queue | Villager (Male) |
| 16:55 | Queue | Villager (Male) |
| 16:55 | Queue | Villager (Male) |
| 17:04 | Build | Farm |
| 17:04 | Build | Farm |
| 17:04 | Build | Farm |
| 17:26 | Build | Farm |
| 17:28 | Queue | Villager (Male) |
| 17:29 | Queue | Villager (Male) |
| 17:39 | Build | Watch Tower |
| 17:44 | Queue | Archer |
| 18:35 | Queue | Villager (Male) |
| 18:35 | Queue | Villager (Male) |
| 18:58 | Queue | Archer |
| 18:59 | Queue | Villager (Male) |
| 19:13 | Queue | Villager (Male) |
| 19:13 | Queue | Villager (Male) |
| 19:25 | Build | House |
| 19:47 | Queue | Villager (Male) |
| 20:02 | Build | Blacksmith |
| 20:30 | Build | Watch Tower |
| 20:43 | Build | Market |
| 20:44 | Build | Farm |
| 20:45 | Build | Farm |
| 21:54 | Research | Castle Age |
| 22:25 | Research | Fletching |
| 22:38 | Build | Watch Tower |
| 22:47 | Build | Watch Tower |
| 24:03 | Research | Gold Mining |
| 24:05 | Research | Double-Bit Axe |
| 24:21 | Queue | Villager (Male) |
| 24:21 | Queue | Villager (Male) |
| 24:34 | Age | Castle Age |
| 24:37 | Build | Siege Workshop |
| 24:40 | Build | Monastery |
| 25:17 | Queue | Mangonel |
| 25:19 | Queue | Villager (Male) |
| 25:24 | Build | Monastery |
| 25:29 | Queue | Villager (Male) |
| 25:39 | Build | Lumber Camp |
| 25:49 | Queue | Mangonel |
| 25:51 | Queue | Villager (Male) |
| 26:05 | Queue | Monk |
| 26:24 | Queue | Villager (Male) |
| 26:42 | Build | House |
| 26:52 | Queue | Mangonel |
| 27:00 | Queue | Villager (Male) |
| 27:00 | Queue | Villager (Male) |
| 27:03 | Build | House |
| 27:37 | Queue | Spearman |
| 27:38 | Queue | Spearman |
| 27:48 | Queue | Mangonel |
| 27:49 | Queue | Villager (Male) |
| 28:15 | Build | Barracks |
| 28:18 | Queue | Mangonel |
| 28:19 | Queue | Monk |
| 28:20 | Queue | Villager (Male) |
| 28:23 | Queue | Spearman |
| 28:31 | Build | House |
| 28:33 | Build | House |
| 28:35 | Build | House |
| 28:39 | Build | House |
| 28:44 | Build | Palisade Wall |
Match timeline
| 3:27 | Sharky aoe · wall_segment Palisade Wall x1 |
| 3:28 | Sharky aoe · wall_segment Palisade Wall x1 |
| 3:29 | Sharky aoe · wall_segment Palisade Wall x1 |
| 3:32 | Sharky aoe · wall_segment Palisade Wall x1 |
| 3:32 | Sharky aoe · wall_segment Palisade Wall x1 |
| 3:33 | Sharky aoe · wall_segment Palisade Wall x1 |
| 3:33 | Sharky aoe · wall_segment Palisade Wall x1 |
| 4:18 | Sharky aoe · wall_segment Palisade Wall x1 |
| 5:25 | Sharky aoe · wall_segment Palisade Wall x1 |
| 5:35 | Sharky aoe · wall_segment Palisade Wall x1 |
| 5:37 | Sharky aoe · wall_segment Palisade Wall x1 |
| 5:37 | Sharky aoe · wall_segment Palisade Wall x1 |
| 5:38 | Sharky aoe · wall_segment Palisade Wall x1 |
| 5:38 | Sharky aoe · wall_segment Palisade Wall x1 |
| 5:38 | Sharky aoe · wall_segment Palisade Wall x1 |
| 5:46 | Riut · first_building Barracks |
| 6:58 | Sharky aoe · wall_segment Palisade Wall x1 |
| 6:59 | Sharky aoe · wall_segment Palisade Wall x2 |
| 6:59 | Sharky aoe · wall_segment Palisade Wall x1 |
| 6:59 | Sharky aoe · wall_segment Palisade Wall x1 |
| 7:00 | Sharky aoe · wall_segment Palisade Wall x1 |
| 8:21 | Sharky aoe · first_building Barracks |
| 9:40 | Riut · age_up feudal |
| 9:49 | Riut · first_building Archery Range |
| 9:56 | Sharky aoe · wall_segment Palisade Wall x1 |
| 9:58 | Sharky aoe · wall_segment Palisade Wall x1 |
| 10:01 | Sharky aoe · wall_segment Palisade Wall x1 |
| 10:02 | Sharky aoe · wall_segment Palisade Wall x1 |
| 10:05 | Sharky aoe · wall_segment Palisade Wall x1 |
| 10:07 | Sharky aoe · wall_segment Palisade Wall x1 |
| 10:08 | Sharky aoe · wall_segment Palisade Wall x1 |
| 10:10 | Sharky aoe · wall_segment Palisade Wall x1 |
| 10:11 | Sharky aoe · wall_segment Palisade Wall x1 |
| 10:13 | Sharky aoe · wall_segment Palisade Wall x1 |
| 10:18 | Sharky aoe · wall_segment Palisade Wall x1 |
| 10:20 | Sharky aoe · wall_segment Palisade Wall x1 |
| 10:24 | Sharky aoe · wall_segment Palisade Wall x1 |
| 10:26 | Sharky aoe · wall_segment Palisade Wall x1 |
| 10:31 | Sharky aoe · age_up feudal |
| 10:53 | Sharky aoe · wall_segment Palisade Wall x1 |
| 10:54 | Sharky aoe · wall_segment Palisade Wall x1 |
| 12:03 | Sharky aoe · first_building Archery Range |
| 12:56 | Sharky aoe · wall_segment Palisade Wall x1 |
| 13:41 | Sharky aoe · wall_segment Palisade Wall x1 |
| 15:39 | Riut · wall_segment Palisade Wall x1 |
| 15:42 | Riut · wall_segment Palisade Wall x1 |
| 15:44 | Riut · wall_segment Palisade Wall x1 |
| 16:34 | Sharky aoe · wall_segment Palisade Wall x1 |
| 16:35 | Sharky aoe · wall_segment Palisade Wall x1 |
| 16:35 | Sharky aoe · wall_segment Palisade Wall x1 |
| 16:36 | Sharky aoe · wall_segment Palisade Wall x1 |
| 16:36 | Sharky aoe · wall_segment Palisade Wall x1 |
| 16:36 | Sharky aoe · wall_segment Palisade Wall x1 |
| 16:36 | Sharky aoe · wall_segment Palisade Wall x1 |
| 16:36 | Sharky aoe · wall_segment Palisade Wall x1 |
| 16:36 | Sharky aoe · wall_segment Palisade Wall x1 |
| 16:37 | Sharky aoe · wall_segment Palisade Wall x1 |
| 16:37 | Sharky aoe · wall_segment Palisade Wall x1 |
| 16:37 | Sharky aoe · wall_segment Palisade Wall x1 |
| 16:37 | Sharky aoe · wall_segment Palisade Wall x1 |
| 16:37 | Sharky aoe · wall_segment Palisade Wall x2 |
| 16:38 | Sharky aoe · wall_segment Palisade Wall x1 |
| 16:38 | Sharky aoe · wall_segment Palisade Wall x1 |
| 16:38 | Sharky aoe · wall_segment Palisade Wall x1 |
| 16:38 | Sharky aoe · wall_segment Palisade Wall x2 |
| 16:38 | Sharky aoe · wall_segment Palisade Wall x1 |
| 16:39 | Sharky aoe · wall_segment Palisade Wall x2 |
| 16:39 | Sharky aoe · wall_segment Palisade Wall x1 |
| 16:39 | Sharky aoe · wall_segment Palisade Wall x1 |
| 21:45 | Riut · first_market_buy 100 food |
| 21:49 | Riut · first_market_sell 100 stone |
| 24:11 | Sharky aoe · first_building Stable |
| 24:34 | Riut · age_up castle |
| 24:37 | Riut · first_building Siege Workshop |
| 24:40 | Riut · first_building Monastery |
| 27:15 | Sharky aoe · age_up castle |
| 28:03 | Sharky aoe · first_building Siege Workshop |
| 28:44 | Riut · wall_segment Palisade Wall x2 |
| 28:46 | Riut · wall_segment Palisade Wall x6 |
| 28:48 | Riut · wall_segment Palisade Wall x4 |
| 29:38 | Riut · wall_segment Palisade Wall x1 |
| 31:16 | Riut · resign |
[ AI ANALYSIS · 1 CREDIT ]
What really happened in this match?
Wolo.gg analyzes every decision: build order, eco, micro, common mistakes by bracket. Personalized analysis on WhatsApp or Discord in 30 seconds.
Civ guide
Vietnamese
Perfil
Sharky aoe